 Dungeon Crawl Stone Soup version 0.31.0-9-g3a7656b989 (webtiles) character file.

Game seed: 5147438476107561903

161 pondus the Chopper (level 5, -6/45 HPs)
             Began as a Minotaur Berserker on Feb 4, 2024.
             Was a Believer of Trog.
             Mangled by a killer bee (7 damage)
             ... on level 4 of the Dungeon.
             The game lasted 00:05:00 (1109 turns).

pondus the Chopper (Minotaur Berserker)             Turns: 1109, Time: 00:05:00

Health: -6/45      AC:  6    Str: 23    XL:     5   Next: 19%
Magic:  4/4        EV: 10    Int:  4    God:    Trog [**....]
Gold:   92         SH:  0    Dex: 10    Spells: 4/4 levels left

rFire   . . .        a - +0 hand axe
rCold   . . .        (no shield)
rNeg    . . .        k - +0 scale mail
rPois   .            (helmet restricted)
rElec   .            (no cloak)
rCorr   .            (no gloves)
SInv    .            (no boots)
Will    .....        (no amulet) Stlth
                     (no ring)
HPRegen 0.27/turn    (no ring)
MPRegen 0.09/turn

%: no passive effects
@: lethally poisoned (-6 -> -13)
A: horns 2, retaliatory headbutt
a: Renounce Religion, Berserk, Trog's Hand


You were on level 4 of the Dungeon.
You worshipped Trog.
Trog was pleased with you.
You visited 1 branch of the dungeon, and saw 3 of its levels.

You collected 92 gold pieces.

Inventory:

Hand Weapons
 a - a +0 hand axe (weapon)
 j - a +0 sling
Missiles
 c - 4 poisoned darts
 g - 2 stones (quivered)
Armour
 k - a +0 scale mail (worn)
Talismans
 d - a talisman of death
Wands
 n - a wand of flame (21)
Scrolls
 e - 2 scrolls of identify
 h - a scroll of fog {unknown}
Potions
 b - a potion of heal wounds {unknown}
 f - a potion of attraction {unknown}
 i - 2 potions of brilliance
 l - a potion of haste {unknown}
 m - a potion of curing {unknown}


   Skills:
 - Level 3.6 Fighting
 + Level 6.9 Axes
 - Level 2.4 Armour
 - Level 2.1 Dodging
 + Level 1.1 Stealth


You had 4 spell levels left.
You didn't know any spells.
Your spell library contained the following spells:

 Spells                   Type           Power      Damage    Failure   Level
 Kiss of Death            Conj/Necr      0%         2d5       82%         1
 Confusing Touch          Hex            0%         N/A       99%         3
 Dispel Undead            Necr           0%         3d6       100%        4


Dungeon Overview and Level Annotations

Branches:
Dungeon (4/15)
 Temple: D:4-7

Altars:


Innate Abilities, Weirdness & Mutations

You have a pair of horns on your head.
You reflexively headbutt those who attack you in melee.


Message History

You closely miss the adder.
You feel sick.
The killer bee stings you but does no damage.
The killer bee barely misses you. You furiously retaliate!
You headbutt the killer bee, but do no damage.
The killer bee stings you but does no damage.
A killer bee comes into view.
The adder bites you but does no damage.
The killer bee buzzes angrily.
You slash the adder! Your headbutt misses the adder.
The adder is severely wounded.
You slash the killer bee! You miss the killer bee.
You feel sick.
The killer bee stings you but does no damage.
The killer bee stings you.
You are more poisoned.
The killer bee poisons you! The adder closely misses you.
The killer bee closely misses you. You furiously retaliate!
You headbutt the killer bee!
You kill the killer bee!
Trog accepts your kill. The killer bee stings you.
Your Stealth skill increases to level 1!
You have reached level 5!
You fail to use your ability.
You feel very sick. The killer bee stings you. The adder barely misses you.
You furiously retaliate!
You headbutt the adder.
You kill the adder!
Trog accepts your kill. The killer bee stings you.
* * * LOW HITPOINT WARNING * * *
The killer bee stings you but does no damage.
You closely miss the killer bee. Your headbutt misses the killer bee.
The killer bee is heavily wounded.
You barely miss the killer bee.
* * * LOW HITPOINT WARNING * * *
You feel sick. The killer bee stings you!
* * * LOW HITPOINT WARNING * * *
The killer bee stings you but does no damage.
The killer bee misses you. The killer bee stings you!
You die...

####.########.#...
#....##.........#.
#######.###########.#.#.
..........# #.#.#.
..........# #.#.#.
..........# #######.#...
..........# #.......###.
......y...# #.......###.
......y@..# #.......#...
........†.# #.......#...
#.#.#+#.#.# #......#####
.#.# ..#.# ##.#'###....
#. .#.#.# #.##..#.#.# .
./#.# . ##.#.#.. #.# #
#.#.#.. ..# #.#.##.
#>#....


You could see 2 killer bees.

Vanquished Creatures
  2 killer bees (D:4)
  3 adders
  2 ribbon worms (D:2)
  5 ball pythons
  2 bats
  5 endoplasms
  2 giant cockroaches
  5 goblins
  5 hobgoblins
  A quokka (D:1)
  2 frilled lizards (D:2)
  3 kobolds
  11 rats
48 creatures vanquished.

Notes
Turn   | Place    | Note
-------+----------+-------------------------------------------
     0 | D:1      | pondus the Minotaur Berserker began the quest for the Orb.
     0 | D:1      | Reached XP level 1. HP: 19/19 MP: 0/0
    52 | D:1      | Reached skill level 4 in Axes
    74 | D:1      | Reached XP level 2. HP: 23/26 MP: 1/1
   612 | D:2      | Reached skill level 5 in Axes
   686 | D:2      | Reached XP level 3. HP: 28/31 MP: 2/2
   717 | D:2      | Reached ** piety under Trog
   976 | D:2      | You fall into a shaft and drop 2 floors!
  1099 | D:4      | Noticed a killer bee
  1101 | D:4      | Noticed a killer bee
  1103 | D:4      | Noticed a killer bee
  1104 | D:4      | Killed a killer bee
  1105 | D:4      | Reached skill level 6 in Axes
  1105 | D:4      | Reached XP level 4. HP: 31/39 MP: 3/3
  1108 | D:4      | Reached skill level 1 in Stealth
  1108 | D:4      | Reached XP level 5. HP: 21/45 MP: 4/4
  1109 | D:4      | HP: 1/45 [killer bee (8)]
  1109 | D:4      | Mangled by a killer bee

Illustrated notes

Levels and vault maps discovered:
D:1:      lightli_iron_boxes, layout_rooms, hangedman_decor_points,
          minmay_rat_gold_closets
D:2:      layout_loops_corners, serial_bayou, serial_bayou_pond_a,
          serial_bayou_pond_c, serial_bayou_pond_d, serial_bayou_pond_b,
          minmay_pentomino_w4
D:4:      layout_basic, nicolae_ru_path_of_blood,
          minmay_temple_entry_antechambers

Skill      XL: |  1  2  3  4 |
---------------+-------------+-----
Axes           | 4 5 6 |  6.9
Stealth        | 1 |  1.1
Fighting       | |  3.6
Armour         | |  2.4
Dodging        | |  2.1

Action                     |  1- 3 |  4- 6 || total
---------------------------+-------+-------++-------
  Melee: Hand axe          |   104 |     4 ||   108
         Headbutt          |    16 |       ||    16
    Use: Scroll            |     2 |       ||     2
 Armour: Leather armour    |    13 |       ||    13
         Scale mail        |    52 |    15 ||    67
  Dodge: Dodged            |    47 |     5 ||    52
